 Dungeon Crawl Stone Soup version 0.32-a0-468-g38b2580584 (webtiles) character file.

Game seed: 11029677169146732354

275 Goblin1989 the Sneak (level 6, -4/70 HPs)
             Began as a Demonspawn Delver on Feb 25, 2024.
             Killed from afar by Pikel (13 damage)
             ... with a bolt of light
             ... on level 4 of the Dungeon.
             The game lasted 00:05:29 (2789 turns).

Goblin1989 the Sneak (Demonspawn Delver)            Turns: 2789, Time: 00:05:29

Health: -4/70      AC: 23    Str: 13    XL:     6   Next: 3%
Magic:  6/6        EV:  2    Int: 10    God:
Gold:   148        SH:  0    Dex: 16    Spells: 5/5 levels left

rFire   . . .        p - +2 short sword (speed)
rCold   . . .        (no shield)
rNeg    . . .        b - melded +0 leather armour
rPois   +            (helmet currently unavailable)
rElec   .            s - melded +0 cloak
rCorr   .            (gloves currently unavailable)
SInv    .            (boots currently unavailable)
Will    +....        (no amulet)
Stlth   +++          (no ring)
HPRegen 0.31/turn    (no ring)
MPRegen 0.10/turn

%: clarity
@: brilliant, tree-form, enlightened
A: stationary, stasis, torment immunity, boosted hp, (hooves 1), (molten scales
1), demonic guardian 2, ignite blood 1, clarity
a: no special abilities


You were on level 4 of the Dungeon.
You were a tree.
You visited 1 branch of the dungeon, and saw 5 of its levels.

You collected 148 gold pieces.

Inventory:

Hand Weapons
 p - a +2 short sword of speed (weapon)
Missiles
 n - 36 stones (quivered)
Armour
 b - a +0 leather armour (melded)
 s - a +0 cloak (melded)
Wands
 g - a wand of digging (3) {@v3}
Scrolls
 c - 2 scrolls of fog
 d - a scroll of revelation
 e - a scroll of fear
 i - a scroll of enchant armour {unknown}
 k - 3 scrolls of identify {unknown}
 l - a scroll of poison {unknown}
 q - a scroll of brand weapon {unknown}
 r - a scroll of acquirement {unknown}
Potions
 f - a potion of haste {@q3,}
 h - a potion of enlightenment
 j - a potion of lignification


   Skills:
 - Level 3.0 Fighting
 + Level 4.2 Short Blades
 - Level 1.7 Dodging
 + Level 6.2 Stealth


You had 5 spell levels left.
You didn't know any spells.
Your spell library contained the following spells:

 Spells                   Type           Power      Damage    Failure   Level
 Apportation              Tloc           0%         N/A       36%         1
 Magic Dart               Conj           0%         1d3       36%         1
 Necrotise                Necr           0%         1d4       36%         1
 Sting                    Conj/Alch      0%         1d3       36%         1
 Summon Small Mammal      Summ           0%         N/A       36%         1
 Searing Ray              Conj           0%         2d4       50%         2
 Animate Armour           Summ/Erth      0%         N/A       98%         4
 Fulminant Prism          Conj/Alch      0%         3d5       98%         4
 Summon Lightning Spire   Summ/Air       0%         N/A       98%         4
 Alistair's Intoxication  Alch           0%         N/A       100%        5
 Borgnjor's Vile Clutch   Necr/Erth      0%         N/A       100%        5
 Lee's Rapid Deconstruct  Erth           0%         3d4*      100%        5
 Eringya's Noxious Bog    Alch           0%         4d6       100%        6


Dungeon Overview and Level Annotations

Branches:
Dungeon (5/15) Zot: 24467
 Temple: D:4-7

Altars:

Annotations:
D:3 1 runed translucent door, Crazy Yiuf
D:4 Pikel


Innate Abilities, Weirdness & Mutations

You are a tree.
Your roots penetrate the ground, keeping you stationary.
You cannot be teleported.
You are immune to unholy pain and torment.
Your maximum health is greatly increased.
Your equipment is partially melded.
((You have large cloven feet.))
((You are partially covered in molten scales. (AC +2)))
A demonic guardian rushes to your aid.
Your demonic aura sometimes causes spilled blood to erupt in flames.
You possess an exceptional clarity of mind.


Message History

You hear a shout!
A ball python, an orc, Pikel and a lemure come into view.
Pikel is wielding a +1 whip of freezing and carrying a wand of light.
The lemure shouts!
You hear a shout!
A lemure comes into view.
The lemure shouts! x2; The ball python hisses angrily.
A lemure comes into view.
You hear a shout!
The orc closely misses you.
You barely miss the orc.
A jelly comes into view.
The orc barely misses you.
You closely miss the lemure. You kick the lemure.
The lemure is lightly wounded.
You hit the lemure but do no damage. You kick the lemure.
The lemure is lightly wounded.
The ball python barely misses you. The ball python grabs you.
The ball python constricts you. The orc misses you.
A kobold comes into view. It is wielding a +0 whip.
The lemure hits you.
You take 3 damage, and have 44/47 hp.
You closely miss the ball python.
You kick the ball python, but do no damage.
You puncture the ball python!
You kill the ball python!
The orc hits you with a +0 mace.
A kobold comes into view. It is wielding a +0 short sword.
You take 2 damage, and have 42/47 hp.
You hit the lemure. You kick the lemure, but do no damage.
The lemure is lightly wounded.
A dart slug comes into view.
You hit the lemure.
The lemure is moderately wounded.
The lemure hits you! The orc closely misses you.
The lemure closely misses you. x2
You take 8 damage, and have 34/47 hp.
You hit the lemure. You kick the lemure, but do no damage.
The lemure is heavily wounded.
You hit the lemure but do no damage.
The lemure is heavily wounded.
The lemure hits you. The orc misses you. The lemure barely misses you.
A hobgoblin comes into view.
You take 1 damage, and have 33/47 hp.
The hobgoblin shouts!
You hit the lemure but do no damage.
The lemure is moderately wounded.
You hit the lemure but do no damage.
The lemure is moderately wounded.
The lemure barely misses you. The orc hits you with a +0 mace.
The lemure completely misses you. The lemure hits you.
Pikel zaps a wand.
The bolt of light hits you!
* * * LOW HITPOINT WARNING * * *
You are too injured to fight recklessly!
You are too injured to fight recklessly!
You are too injured to fight recklessly!
You take 18 damage, and have 16/47 hp.
MASSIVE DAMAGE!!
You are too injured to fight recklessly!
You are too injured to fight recklessly!
You are too injured to fight recklessly!
You are too injured to fight recklessly!
You are too injured to fight recklessly!
You are too injured to fight recklessly!
You are too injured to fight recklessly!
The lemure barely misses you. Pikel attacks as he pursues you!
Pikel misses you.
Pikel zaps a wand.
The bolt of light hits you!
You are confused.
* * * LOW HITPOINT WARNING * * *
A demonic guardian appears!
You take 13 damage, and have 4/47 hp.
MASSIVE DAMAGE!!
Okay, then.
It was a potion of enlightenment.
You feel very buoyant.
You fly up into the air.
Pikel zaps a wand.
The bolt of light hits your orange demon!
Your orange demon is blinded.
The bolt of light misses you.
It was a potion of lignification.
You turn into a tree.
Your +0 cloak melds into your body.
Your +0 leather armour melds into your body.
Your roots penetrate the ground.
You feel less confused.
Pikel zaps a wand.
The bolt of light hits your orange demon!
The bolt of light hits you.
* * * LOW HITPOINT WARNING * * *
You now have 3/70 hp.
It was a potion of brilliance.
You feel clever all of a sudden.
Pikel says, "I'm sure the Orcish Mines are around here somewhere..."
Pikel hits your orange demon with a +1 whip of freezing.
Pikel freezes your orange demon.
It was a potion of mutation.
You feel extremely strange.
Your thoughts seem clearer.
Pikel hits your orange demon with a +1 whip of freezing.
Pikel freezes your orange demon.
It was a potion of curing.
You feel better.
Pikel zaps a wand.
The bolt of light hits your orange demon!
The bolt of light hits you!
You feel momentarily confused.
You die...
Pikel says, "See you in Hell!"

█.█.█......███......█ .█ █
......█.█....██.....█ ..█.█
█.█.█...█..........†█ .....
......███....██..██∆█ .w.█.█
†█.███████...██..██.██..g...
.█......██...██..█.5....█
.██.....██....█..█......█ .
............█████Jog..█
.██......█....█.♣4K5oK..█
.██....█.█∆██.█.██████..█
.....███.█....█.█ █.█
.██....█.█....█.█ .█
.██..█.█.█....█..... .^
.██..█.█.███∆.█████. .█
.██..█...█...██
..∆..█████...██
..█.>.........█


You could see Pikel, a lemure, a jelly, 2 orcs, a hobgoblin, a kobold and a
friendly orange demon (summoned, blind).

Vanquished Creatures
  An orc priest (D:3)
  A hound (D:4)
  6 adders
  2 dart slugs
  2 orcs (D:3)
  4 endoplasms
  2 giant cockroaches
  9 hobgoblins
  5 kobolds
  6 quokkas
  7 ball pythons
  7 bats
  A frilled lizard (D:2)
  5 goblins
  6 rats
64 creatures vanquished.

Vanquished Creatures (collateral kills)
  A black bear (D:3)
  2 orcs (D:3)
  A quokka (D:3)
4 creatures vanquished.

Grand Total: 68 creatures vanquished

Notes
Turn   | Place    | Note
-------+----------+-------------------------------------------
     0 | D:5      | Goblin1989 the Demonspawn Delver began the quest for the
                  | Orb.
     0 | D:5      | Reached XP level 1. HP: 18/18 MP: 1/1
   140 | D:4      | Noticed a hound
   194 | D:1      | Gained mutation: A weak demonic guardian rushes to your
                  | aid. [demonic ancestry]
   194 | D:1      | Reached XP level 2. HP: 23/24 MP: 2/2
   952 | D:1      | Reached skill level 5 in Stealth
   985 | D:1      | Gained mutation: You are partially covered in molten
                  | scales. (AC +2) [demonic ancestry]
   985 | D:1      | Reached XP level 3. HP: 24/29 MP: 3/3
  1675 | D:2      | Gained mutation: A demonic guardian rushes to your aid.
                  | [demonic ancestry]
  1675 | D:2      | Reached XP level 4. HP: 35/35 MP: 4/4
  2055 | D:3      | Found a runed translucent door.
  2056 | D:3      | Noticed Crazy Yiuf
  2190 | D:3      | Gained mutation: Your demonic aura sometimes causes spilled
                  | blood to erupt in flames. [demonic ancestry]
  2190 | D:3      | Reached XP level 5. HP: 21/41 MP: 5/5
  2332 | D:3      | Noticed a black bear
  2351 | D:3      | Killed a black bear
  2352 | D:3      | Reached skill level 6 in Stealth
  2764 | D:4      | Gained mutation: You have large cloven feet. [demonic
                  | ancestry]
  2764 | D:4      | Reached XP level 6. HP: 47/47 MP: 6/6
  2768 | D:4      | Noticed Pikel
  2786 | D:4      | HP: 3/70 [Pikel/bolt of light (4)]
  2788 | D:4      | Gained mutation: You possess an exceptional clarity of
                  | mind. [potion of mutation]
  2789 | D:4      | Killed from afar by Pikel

Illustrated notes

Levels and vault maps discovered:
D:1:      matt_arrival_spirals, layout_basic, chequers_serial_rivers_micro_a
D:2:      layout_basic, grunt_ministairs_10
D:3:      layout_rooms, uniq_crazy_yiuf_cottage
D:4:      layout_gridville, minmay_temple_entry_overgrown,
          serial_co_window_serial, co_window_of_opportunity_a,
          co_window_corner_a, co_window_corner_a, co_window_of_opportunity_a,
          co_window_paths_a, co_window_paths_b, co_window_paths_a,
          co_window_of_opportunity_c, co_window_of_opportunity_c,
          co_window_of_opportunity_c, co_window_broadway_a, co_window_corner_ca,
          co_window_unsneaky_path_a, glass_columns_c, glass_columns_b,
          glass_columns_c, glass_columns_a, glass_columns_b, minmay_surrounded,
          uniq_pikel
D:5:      layout_loops_ring, chequers_temple_overflow_statue_of_worship,
          nicolae_the_louvre

Skill      XL: |  1  2  3  4  5 |
---------------+----------------+-----
Short Blades   | 2 3 4 |  4.2
Stealth        | 5 6 |  6.2
Fighting       | |  3.0
Dodging        | |  1.7

Action                     |  1- 3 |  4- 6 || total
---------------------------+-------+-------++-------
  Melee: Short sword       |   137 |    70 ||   207
         Kick              |       |     5 ||     5
    Use: Potion            |       |     5 ||     5
   Stab: Sleeping          |    16 |     9 ||    25
 Armour: Leather armour    |    49 |    33 ||    82
         Skin              |       |     2 ||     2
  Dodge: Dodged            |    52 |    33 ||    85

Table legend: (Time is in decaauts)
 A = Elapsed time spent in this place.
 B = Non-inter-level travel time spent in this place.
 C = Inter-level travel time spent in this place.
 D = Time resting spent in this place.
 E = Time spent auto-exploring this place.
 F = Levels seen in this place.
 G = Mean time per level.
                   A        B        C        D        E       F      G
               +--------+--------+--------+--------+--------+-----+--------+
         Total |   2719 |   2619 |    100 |      0 |   2029 |   5 |  543.8 |
       Dungeon |   2719 |   2619 |    100 |      0 |   2029 |   5 |  543.8 |
               +--------+--------+--------+--------+--------+-----+--------+

Top non-repeatable levels by time:
     D:1: 1034 daAuts
     D:3: 740 daAuts
     D:2: 711 daAuts
     D:4: 161 daAuts
     D:5: 72 daAuts
